 Dungeon Crawl Stone Soup version 0.29-a0-841-g116ddc6ace (webtiles) character file.

Game seed: 11175091605789322893

201 lesbiats the Conjurer (level 5, 0/42 HPs)
             Began as a Draconian Conjurer on July 15, 2022.
             Was an Initiate of Ashenzari.
             Slain by a wight
             ... wielding a +5 scimitar of freezing
              (9 damage)
             ... on level 3 of the Dungeon.
             The game lasted 00:16:45 (3291 turns).

lesbiats the Conjurer (Draconian Conjurer)          Turns: 3291, Time: 00:16:47

Health: 0/42       AC:  6    Str:  9    XL:     5   Next: 50%
Magic:  5/9        EV: 12    Int: 20    God:    Ashenzari [......]
Gold:   233        SH:  0    Dex: 10    Spells: 3/10 levels left

rFire   . . .      SeeInvis .   k - +0 dagger (venom)
rCold   . . .      Faith    .   (no shield)
rNeg    . . .      Spirit   .   (body armour unavailable)
rPois   .          Reflect  .   (helmet restricted)
rElec   .          Harm     .   (no cloak)
rCorr   .          Rampage  .   m - +0 pair of gloves of the Wild Blue Yonder {Evo, Elem} (curse)
Will    .....                   (no boots)
Stlth   ++........              (no amulet)
HPRegen 0.14/turn               r - ring of flight
MPRegen 0.11/turn               (no ring)

@: flying
A: AC +5, unfitting armour, cold-blooded
a: Renounce Religion, Shatter the Chains


You were on level 3 of the Dungeon.
You worshipped Ashenzari.
Ashenzari was noncommittal.
You visited 2 branches of the dungeon, and saw 5 of its levels.

You collected 233 gold pieces.

Inventory:

Hand Weapons
 k - a +0 dagger of venom (weapon)
Missiles
 h - 7 boomerangs
Armour
 m - the cursed +0 pair of gloves of the Wild Blue Yonder (worn) {Evo, Elem}
   (You found it on level 1 of the Dungeon)

   It has a curse which improves the following skills: Evocations: Evocations.
   Elements:  Fire Magic, Ice Magic, Air Magic and Earth Magic.
Jewellery
 r - a ring of flight (left hand)
Wands
 p - a wand of flame (12)
Scrolls
 b - a scroll of teleportation {unknown}
 d - a scroll of immolation {unknown}
 e - 2 scrolls of poison {unknown}
 g - 5 scrolls of identify {unknown}
 i - a scroll of blinking {unknown}
 n - a scroll of torment {unknown}
 o - a scroll of summoning {unknown}
 t - a scroll of fear {unknown}
 u - a scroll of amnesia {unknown}
 v - 2 scrolls of fog {unknown}
Potions
 c - a potion of heal wounds {unknown}
 f - a potion of invisibility {unknown}
 j - a potion of curing {unknown}
 l - a potion of attraction {unknown}
 q - 2 potions of brilliance {unknown}
 s - 2 potions of lignification {unknown}


   Skills:
 + Level 2.6 Fighting
 - Level 1.7 Dodging
 - Level 1.7 Stealth
 + Level 3.1 Spellcasting
 * Level 5.5 Conjurations
 + Level 1.0 Translocations


You had 3 spell levels left.
You knew the following spells:

 Your Spells              Type           Power      Damage    Failure   Level
a - Magic Dart            Conj           100%       1d8       1%          1
b - Searing Ray           Conj           50%        2d6       2%          2
c - Iskenderun's Mystic   Conj/Tloc      16%        2d5       36%         4

Your spell library contained the following spells:

 Spells                   Type           Power      Damage    Failure   Level
 Dazzling Flash           Conj/Hex       28%        N/A       14%         3
 Fulminant Prism          Conj/Hex       7%         3d7       41%         4


Dungeon Overview and Level Annotations

Branches:
Dungeon (4/15)             Temple (1/1) D:4

Altars:
Ashenzari
Fedhas
Hepliaklqana
Makhleb
Okawaru
Qazlal
Ru
Trog
Vehumet
Wu Jian
Xom
Yredelemnul


Innate Abilities, Weirdness & Mutations

Your plain brown scales are hard. (AC +5)
You cannot fit into any form of body armour.
You are cold-blooded and may be slowed by cold attacks.


Message History

The wight attacks as you move away! The wight closely misses you.
The wight attacks as you move away! The wight closely misses you.
The wight attacks as you move away!
The wight hits you with a +4 short sword!
You feel drained.
Okay, then.
Okay, then.
The wight attacks as you move away! The wight misses you.
Magic courses through your body.
The wight hits you with a +4 short sword.
You feel drained.
Casting: Searing Ray (safe; 2% risk of failure)
Confirm with . or Enter, or press ? or * to list all spells.
Aiming: Searing Ray (safe; 2% risk of failure)
Press: ? - help, Shift-Dir - straight line, p - wight The searing ray hits the wight!
You destroy the wight!
The searing ray hits the wight.
The wight is severely damaged. (Press . to maintain the ray.)
Your life force feels restored.
Your Spellcasting skill increases to level 3!
Your Translocations skill increases to level 1!
The searing ray hits the wight but does no damage.
The wight is severely damaged.
The wight barely misses you.
The searing ray hits the wight.
The wight is almost destroyed.
The wight hits you with a +5 scimitar of freezing!
The wight freezes you.
* * * LOW HITPOINT WARNING * * *
You closely miss the wight.
Your tail-slap misses the wight.
The wight is almost destroyed.
The wight misses you.
Aiming: Magic Dart (safe; 1% risk of failure)
Press: ? - help, Q - select action, (/) - cycle Shift-Dir - straight line The magic dart hits the wight but does no damage.
The wight is almost destroyed.
The wight hits you with a +5 scimitar of freezing!
You die...

####.##†###.# #.##....
#.#...##.#### #.##.###
#...........# #.##.###
#........##.# #.......
####.######.# #....... #.# #.#
##.###.# #.# #.# #.###.# ##+##
#.####### #......
##...#####..@z...# #####.#
##.....##...#####.# #.#
##.......#[#.# #.# ##.#
###..........#.# #z#########...
..+..........#.# #.............
###............#####.######......
##.......###...z...# #.#.#.#
##.....## ####.#### #.#.#.#
######...## .... #.#.#..


You could see a wight.

Vanquished Creatures
  A wight (D:3)
  A jelly (D:3)
  A gnoll (Temple)
  5 adders
  2 worms (D:3)
  2 dart slugs (D:2)
  4 ball pythons
  3 endoplasms
  2 giant cockroaches
  4 goblins
  6 hobgoblins
  3 jackals (D:3)
  4 kobolds
  2 quokkas
  5 bats
  4 frilled lizards (D:2)
  7 rats
56 creatures vanquished.

Notes
Turn   | Place    | Note
-------+----------+-------------------------------------------
     0 | D:1      | lesbiats the Draconian Conjurer began the quest for the
                  | Orb.
     0 | D:1      | Reached XP level 1. HP: 14/14 MP: 3/3
   412 | D:1      | Reached XP level 2. HP: 22/22 MP: 0/5
   540 | D:1      | Found a faded altar of an unknown god.
   865 | D:2      | Reached skill level 1 in Fighting
  1131 | D:2      | Reached XP level 3. HP: 28/28 MP: 2/6
  1649 | D:2      | Learned a level 2 spell: Searing Ray
  1676 | D:2      | You fall into a shaft and drop 2 floors!
  1679 | D:4      | Noticed an ogre
  1730 | D:4      | Found a staircase to the Ecumenical Temple.
  1744 | Temple   | Entered the Ecumenical Temple
  1752 | Temple   | Reached XP level 4. HP: 16/36 MP: 1/7
  1955 | Temple   | Became a worshipper of Ashenzari the Shackled
  1994 | D:4      | Found a bloodstained altar of Trog.
  2149 | D:3      | Learned a level 4 spell: Iskenderun's Mystic Blast
  2180 | D:3      | Found a blossoming altar of Fedhas.
  2290 | D:3      | Reached skill level 5 in Conjurations
  3014 | D:3      | Reached XP level 5. HP: 33/42 MP: 5/9
  3288 | D:3      | Reached skill level 1 in Translocations
  3291 | D:3      | Slain by a wight

Illustrated notes

Levels and vault maps discovered:
D:1:      dpeg_arrival_arbitrary_a, layout_rooms, basic_ecumenical_altar,
          feat_on_display
D:2:      layout_basic
D:3:      layout_loops_corners, mainiacjoe_overflow_small_starburst
D:4:      layout_loops_ring, trog_butcher_becter, minmay_temple_entry_statues
Temple:   eino_wide_crystal_templ

Skill      XL: |  1  2  3  4  5 |
---------------+----------------+-----
Fighting       | 1 2 |  2.6
Conjurations   | 5 |  5.5
Spellcasting   | 3 |  3.1
Translocations | 1 |  1.0
Dodging        | |  1.7
Stealth        | |  1.7

Action                   |  1- 3 |  4- 6 || total
-------------------------+-------+-------++-------
Melee: Unarmed           |    18 |       ||    18
       Tailslap          |     4 |     3 ||     7
       Dagger            |    28 |    23 ||    51
 Cast: Magic Dart        |    66 |    31 ||    97
       Searing Ray       |     1 |     4 ||     5
Invok: Curse Item        |       |     1 ||     1
  Use: Potion            |       |     1 ||     1
Armor: Skin              |    26 |     6 ||    32
Dodge: Dodged            |    65 |    24 ||    89

Table legend: (Time is in decaauts)
 A = Elapsed time spent in this place.
 B = Non-inter-level travel time spent in this place.
 C = Inter-level travel time spent in this place.
 D = Time resting spent in this place.
 E = Time spent auto-exploring this place.
 F = Levels seen in this place.
 G = Mean time per level.
                   A        B        C        D        E       F      G
               +--------+--------+--------+--------+--------+-----+--------+
         Total |   3289 |   3170 |    119 |   1004 |   1564 |   5 |  657.8 |
       Dungeon |   3066 |   2961 |    105 |    840 |   1540 |   4 |  766.5 |
        Temple |    222 |    208 |     14 |    164 |     24 |   1 |  222.0 |
               +--------+--------+--------+--------+--------+-----+--------+

Top non-repeatable levels by time:
     D:3: 1185 daAuts
     D:2: 925 daAuts
     D:1: 851 daAuts
  Temple: 222 daAuts
     D:4: 104 daAuts
